 Dungeon Crawl Stone Soup version 0.27-a0-1137-g3ef0f4ec91 (webtiles) character file.

Game seed: 17261455260063701089

787 HoaS the Cruncher (level 7, -1/40 HPs)
             Began as a Gargoyle Gladiator on May 6, 2021.
             Was a Follower of Okawaru.
             Slain by Blork the orc
             ... wielding a +2 halberd of venom
              (7 damage)
             ... on level 5 of the Dungeon.
             The game lasted 00:10:51 (4689 turns).

HoaS the Cruncher (Gargoyle Gladiator)              Turns: 4689, Time: 00:10:51

Health: -1/40      AC: 14    Str: 19    XL:     7   Next: 87%
Magic:  9/9        EV: 10    Int:  9    God:    Okawaru [*.....]
Gold:   256        SH:  0    Dex: 11    Spells: 6/6 levels left

rFire    . . .     SeeInvis +   a - +0 quarterstaff
rCold    . . .     Faith    .   (shield currently unavailable)
rNeg     + . .     Spirit   .   e - +0 scale mail
rPois    ∞         Reflect  .   c - +1 helmet
rElec    +         Harm     .   l - +1 cloak
rCorr    .         Rampage  .   (no gloves)
Will     .....                  (no boots)
Stlth    ..........             (no amulet)
HPRegen  0.13/turn              h - ring of see invisible
MPRegen  0.11/turn              (no ring)

@: no status effects
A: sickness immunity, AC +4, negative energy resistance 1, electricity
resistance, torment resistance 1, unbreathing 1, petrification resistance
a: Renounce Religion, Heroism


You were on level 5 of the Dungeon.
You worshipped Okawaru.
Okawaru was aware of your devotion.
You visited 2 branches of the dungeon, and saw 6 of its levels.
You also visited: Sewer.

You collected 256 gold pieces.

Inventory:

Hand Weapons
 a - a +0 quarterstaff (weapon)
Missiles
 d - a throwing net (quivered)
 j - 16 poisoned darts
 s - 30 arrows
Armour
 c - a +1 helmet (worn)
 e - a +0 scale mail (worn)
 l - a +1 cloak (worn)
Jewellery
 h - a ring of see invisible (left hand)
 p - a ring of ice
Scrolls
 r - a scroll of blinking
 u - a scroll of amnesia {unknown}
Potions
 b - 8 potions of curing
 f - a potion of attraction {unknown}
 g - 3 potions of haste
 i - a potion of degeneration {unknown}
 k - 2 potions of flight {unknown}
 m - a potion of might {unknown}
 n - 4 potions of heal wounds
 o - a potion of invisibility {unknown}
 q - a potion of mutation {unknown}
 t - a potion of magic {unknown}


   Skills:
 - Level 2.1 Fighting
 * Level 8.5 Staves
 - Level 1.7 Throwing
 - Level 2.4 Dodging
 - Level 3.0 Invocations


You had 6 spell levels left.
You didn't know any spells.
Your spell library contained the following spells:

 Spells                   Type           Power      Damage    Failure   Level
 Beastly Appendage        Tmut           0%         N/A       78%         1
 Corona                   Hex            0%         N/A       78%         1
 Ensorcelled Hibernation  Hex/Ice        0%         N/A       89%         2
 Wereblood                Tmut           0%         N/A       89%         2
 Confusing Touch          Hex            0%         N/A       98%         3
 Dazzling Flash           Conj/Hex       0%         N/A       98%         3
 Spider Form              Tmut/Pois      0%         N/A       98%         3
 Tukima's Dance           Hex            0%         N/A       98%         3
 Ice Form                 Ice/Tmut       0%         N/A       100%        4
 Hydra Form               Tmut           0%         N/A       100%        5


Dungeon Overview and Level Annotations

Branches:
Dungeon (5/15)             Temple (1/1) D:4           Sewer (visited)

Altars:
Cheibriados
Elyvilon
Fedhas
Gozag
Makhleb
Nemelex Xobeh
Okawaru
Qazlal
Ru
Sif Muna
Trog
Uskayaw
Vehumet
Wu Jian
Xom
Zin

Shops:
D:4 :=

Annotations:
D:4 2 runed translucent doors, HoaS's ghost, novice GrGl
D:5 Blork the orc


Innate Abilities, Weirdness & Mutations

You are immune to sickness and miasma.
Your stone body is resilient. (AC +4)
You are immune to poison.
You resist negative energy. (rN+)
You are resistant to electric shocks. (rElec)
You are resistant to unholy torment.
You can survive without breathing.
You are immune to petrification.


Message History

Things that are here:
a jackal corpse; a jackal corpse You hit Blork the orc but do no damage.
Blork the orc hits you with a +2 halberd of venom!
You closely miss Blork the orc.
Blork the orc hits you but does no damage.
Blork the orc points at you and mumbles some strange words.
The puff of frost hits you but does no damage.
You hit Blork the orc but do no damage.
Blork the orc hits you with a +2 halberd of venom.
You hit Blork the orc but do no damage. Blork the orc closely misses you.
You completely miss Blork the orc.
Blork the orc hits you but does no damage.
Blork the orc closely misses you.
You hit Blork the orc.
Blork the orc is lightly wounded.
Blork the orc closely misses you.
You closely miss Blork the orc.
Blork the orc is lightly wounded.
Blork the orc closely misses you.
You hit Blork the orc but do no damage.
Blork the orc is lightly wounded.
Blork the orc casts a cantrip, but nothing happens.
You hit Blork the orc.
Blork the orc is moderately wounded.
Blork the orc gestures at you while chanting.
The magic dart hits you. Blork the orc misses you.
You barely miss Blork the orc.
Blork the orc is moderately wounded.
Blork the orc gestures at you while chanting.
The puff of flame hits you!
You closely miss Blork the orc.
Blork the orc is moderately wounded.
Blork the orc hits you with a +2 halberd of venom!
You barely miss Blork the orc.
Blork the orc is moderately wounded.
Blork the orc hits you with a +2 halberd of venom.
* * * LOW HITPOINT WARNING * * *
Blork the orc hits you with a +2 halberd of venom!
You die...

#####...###.##.#..#
# #...###.##.#..# #
##.###......).# #
#.###...#.#### #
#....###..#
#####.#.#.# ##)##.#
#.##.# #.##@# .#
#.##o# .# #.##(#
#.# #.##.###..#
#.##.##...##
#.##.#.....##
#........###
#...........
##.......##..


You could see Blork the orc (fast).

Vanquished Creatures
  Purgy (Sewer)
  2 black bears (D:4)
  An ogre (D:5)
  A scorpion (D:4)
  A howler monkey (D:5)
  A jelly (D:5)
  Crazy Yiuf (D:2)
  2 bullfrog skeletons
  An iguana (D:4)
  2 orc wizards (D:3)
  A hound zombie (D:5)
  A gnoll (D:1)
  A howler monkey skeleton (D:5)
  4 adders
  A worm (D:3)
  A dart slug (D:1)
  4 orcs
  5 endoplasms
  2 giant cockroaches
  5 goblins
  6 hobgoblins
  10 jackals
  11 kobolds
  2 quokkas
  7 ball pythons
  9 bats
  3 frilled lizards
  4 rats
90 creatures vanquished.

Notes
Turn   | Place    | Note
-------+----------+-------------------------------------------
     0 | D:1      | HoaS the Gargoyle Gladiator began the quest for the Orb.
     0 | D:1      | Reached XP level 1. HP: 12/12 MP: 1/1
   118 | D:1      | Reached XP level 2. HP: 16/17 MP: 2/2
   165 | D:1      | Reached skill level 4 in Staves
   359 | D:1      | Reached XP level 3. HP: 21/21 MP: 3/3
   773 | D:2      | Found a faded altar of an unknown god.
  1348 | D:2      | Reached XP level 4. HP: 18/26 MP: 4/4
  1626 | D:2      | Found a runed translucent door.
  1627 | D:2      | Noticed Crazy Yiuf
  1706 | D:2      | Reached skill level 5 in Staves
  2055 | D:2      | Killed Crazy Yiuf
  2182 | D:3      | Found a sparkling altar of Nemelex Xobeh.
  2426 | D:3      | Found a glowing drain.
  2439 | D:3      | Reached XP level 5. HP: 27/30 MP: 5/5
  2447 | Sewer    | Entered a sewer
  2548 | Sewer    | Noticed Purgy
  2560 | Sewer    | Killed Purgy
  2561 | Sewer    | Reached skill level 6 in Staves
  2855 | D:3      | Reached XP level 6. HP: 29/35 MP: 6/6
  3340 | D:4      | Reached skill level 7 in Staves
  3341 | D:4      | Found a staircase to the Ecumenical Temple.
  3422 | D:4      | Found Deox's Book Shoppe.
  3433 | Temple   | Entered the Ecumenical Temple
  3566 | Temple   | Became a worshipper of Warmaster Okawaru
  3661 | D:4      | Found a shimmering altar of Xom.
  3661 | D:4      | Found a shimmering blue altar of Sif Muna.
  3702 | D:4      | Noticed a black bear
  3710 | D:4      | Killed a black bear
  3711 | D:4      | Reached skill level 1 in Invocations
  3831 | D:4      | Noticed a black bear
  3843 | D:4      | Killed a black bear
  3844 | D:4      | Reached XP level 7. HP: 31/40 MP: 6/8
  3912 | D:4      | Found an ornate altar of the Wu Jian Council.
  4106 | D:4      | Found Tezib's Jewellery Boutique.
  4176 | D:4      | Found a runed translucent door.
  4177 | D:4      | Noticed HoaS's ghost (novice GrGl)
  4202 | D:4      | Found a runed translucent door.
  4288 | D:4      | Found a burning altar of Makhleb.
  4296 | D:4      | Found a glowing silver altar of Zin.
  4299 | D:4      | Found a hide-covered altar of Uskayaw.
  4406 | D:5      | Entered Level 5 of the Dungeon
  4441 | D:5      | Reached skill level 8 in Staves
  4513 | D:5      | Reached * piety under Okawaru
  4645 | D:5      | Noticed Blork the orc
  4689 | D:5      | Slain by Blork the orc

Illustrated notes

Levels and vault maps discovered:
D:1:      lightli_arrival_maybe_door_vault, layout_basic
D:2:      layout_basic, hellmonk_ecumenical_altar_lost_god,
          kennysheep_generic_room_4, uniq_crazy_yiuf_cottage
D:3:      layout_basic, nemelex_xobeh_ov_fountains_minmay, portal_sewer_entry_d
D:4:      layout_basic, gammafunk_temple_overflow_wave,
          nzn_wu_jian_contemplation, minitemple, minmay_temple_entry_large_hall,
          ebering_ghost_sewer_f, serial_shops, shop, shop
D:5:      layout_loops_ring, lemuel_tele_altar, overflow_temple_1_default,
          uniq_blork_the_orc
Temple:   nicolae_temple_figure_zero

Skill      XL: |  1  2  3  4  5  6  7 |
---------------+----------------------+-----
Staves         | 4 5 6 7 8 |  8.5
Invocations    | 1 3 |  3.0
Fighting       | |  2.1
Throwing       | |  1.7
Dodging        | |  2.4

Action                   |  1- 3 |  4- 6 |  7- 9 || total
-------------------------+-------+-------+-------++-------
Melee: Quarterstaff      |   102 |   160 |    67 ||   329
Throw: Throwing net      |       |     1 |     2 ||     3
  Use: Scroll            |     4 |     4 |     2 ||    10
 Stab: Held in net/web   |       |     1 |       ||     1
Armor: Scale mail        |    48 |   131 |    36 ||   215
       Leather armour    |     1 |       |       ||     1
Dodge: Dodged            |    66 |    90 |    27 ||   183

Table legend: (Time is in decaauts)
 A = Elapsed time spent in this place.
 B = Non-inter-level travel time spent in this place.
 C = Inter-level travel time spent in this place.
 D = Time resting spent in this place.
 E = Time spent auto-exploring this place.
 F = Levels seen in this place.
 G = Mean time per level.
                   A        B        C        D        E       F      G
               +--------+--------+--------+--------+--------+-----+--------+
         Total |   4698 |   4465 |    233 |    566 |   3191 |   7 |  671.1 |
       Dungeon |   4271 |   4069 |    202 |    428 |   2994 |   5 |  854.2 |
        Temple |    145 |    114 |     31 |      0 |    113 |   1 |  145.0 |
         Sewer |    280 |    280 |      0 |    138 |     84 |   1 |  280.0 |
               +--------+--------+--------+--------+--------+-----+--------+

Top non-repeatable levels by time:
     D:2: 1326 daAuts
     D:3: 952 daAuts
     D:4: 938 daAuts
     D:1: 779 daAuts
   Sewer: 280 daAuts
     D:5: 275 daAuts
  Temple: 145 daAuts
